 Dungeon Crawl Stone Soup version 0.20.1-1-g8b1a95d (webtiles) character file.

233 letownia2 the Grave Robber (level 5, -14/42 HPs)
             Began as a Deep Dwarf Necromancer on Dec 16, 2017.
             Demolished by an ogre
             ... wielding a cursed -3 giant spiked club
              (18 damage)
             ... on level 4 of the Dungeon.
             The game lasted 00:06:13 (1429 turns).

letownia2 the Grave Robber (Deep Dwarf Necromancer) Turns: 1429, Time: 00:06:14

Health: -14/42     AC:  5    Str: 12    XL:     5   Next: 74%
Magic:  3/9        EV: 11    Int: 18    God:
Gold:   102        SH:  0    Dex: 13    Spells: 5/9 levels left

rFire    . . .     SeeInvis .   a - +2 whip (venom)
rCold    . . .     Gourm    .   (no shield)
rNeg     . . .     Faith    .   i - +0 ring mail
rPois    .         Spirit   .   (no helmet)
rElec    .         Reflect  .   (no cloak)
rCorr    .         Harm     .   (no gloves)
MR       .....                  (no boots)
Stlth    +.........             (no amulet)
Regen    0.0/turn               f - +2 ring of intelligence
MPRegen  0.2/turn               (no ring)

@: non-regenerating
A: damage resistance, heal wounds, sense surroundings 1, no regeneration
a: Heal Wounds


You were on level 4 of the Dungeon.
You were hungry.

You visited 1 branch of the dungeon, and saw 4 of its levels.

You collected 102 gold pieces.

Inventory:

Hand Weapons
 a - a +2 whip of venom (weapon)
 e - a +0 dagger
Armour
 i - a +0 ring mail (worn)
 o - a +0 robe
Jewellery
 f - a +2 ring of intelligence (left hand)
Scrolls
 h - a scroll of identify {unknown}
 l - a scroll of enchant armour {unknown}
 m - a scroll of fog {unknown}
Potions
 g - a potion of mutation {unknown}
 j - a potion of curing {unknown}
Books
 b - a book of Necromancy

   Spells                             Type                      Level
   a - Pain                           Necromancy                   1
   b - Animate Skeleton               Necromancy                   1
   c - Vampiric Draining              Necromancy                   3
   d - Regeneration                   Charms/Necromancy            3
   e - Animate Dead                   Necromancy                   4
   f - Control Undead                 Necromancy                   4
 k - a book of Misfortune

   Spells                             Type                      Level
   a - Confusing Touch                Hexes                        1
   b - Confuse                        Hexes                        3
   c - Gell's Gravitas                Translocation                3
   d - Petrify                        Transmutation/Earth          4
   e - Metabolic Englaciation         Hexes/Ice                    5
   f - Yara's Violent Unravelling     Hexes/Transmutation          5
Comestibles
 c - 2 bread rations
 d - a chunk of flesh
 n - 3 fruits


   Skills:
 - Level 2.1 Dodging
 - Level 2.4 Stealth
 + Level 2.9 Spellcasting
 + Level 7.1 Necromancy


You had 5 spell levels left.
You knew the following spells:

 Your Spells              Type           Power        Failure   Level  Hunger
a - Pain                  Necr           ####         1%          1    None
v - Vampiric Draining     Necr           ####......   6%          3    ###....


Dungeon Overview and Level Annotations

Branches:
Dungeon (4/15)
 Temple: D:4-7

Altars:
Kikubaaqudgha

Annotations:
D:4 baljet's ghost, novice MfIE


Innate Abilities, Weirdness & Mutations

You are resistant to damage.
You can heal yourself by infusing magical energy.
You passively map a small area around you.
You do not regenerate.


Message History

Reactivating autopickup.
Your Necromancy skill increases to level 7!
You feel a bit more experienced.
You feel life coursing into your body. Baljet's ghost barely misses you.
Unknown command.
Unknown command.
Casting: Vampiric Draining
Confirm with . or Enter, or press ? or * to list all spells.
Aiming: Vampiric Draining
Press: ? - help, Shift-Dir - straight line, f - orc
Aim: an orc, wielding a hand axe You kill the orc!
You feel life coursing into your body. Baljet's ghost hits you.
* * * LOW HITPOINT WARNING * * *
Unknown command.
Unknown command.
You completely miss the ogre. Baljet's ghost hits you.
* * * LOW HITPOINT WARNING * * *
The ogre hits you with a giant spiked club!!
You die...

.# .##. #.# ## #.# *.##.###
#O## ..###.. ##. ...# #o.###
#..#..* #.. *#.####...#
.#.#.#* #.# #........#
.....### #.# #........#
.......#####.## #....÷...#
..............####........##
#)###..........W@O.........#
#.#######....#####.....!>...#
#...# #....## #<.......#.#
###W# #..÷..# #.......># #
#.# #.....# #........# #.##
#.....## ##?#####.# #..#
#####..##*... * .# ####.##
##.(#.....* * . ..##..#
##.##.... *


You could see an ogre and baljet's ghost.

Vanquished Creatures
  A crimson imp (D:4)
  Terence (D:2)
  3 orc wizards (D:4)
  7 adders
  4 orcs (D:4)
  4 goblins
  3 hobgoblins (D:2)
  4 jackals (D:4)
  A quokka (D:4)
  A ball python (D:2)
  A frilled lizard (D:3)
  5 kobolds (D:2)
  4 rats
39 creatures vanquished.

Vanquished Creatures (others)
  A quokka (D:4)
1 creature vanquished.

Grand Total: 40 creatures vanquished

Notes
Turn   | Place    | Note
-------+----------+-------------------------------------------
     0 | D:1      | letownia2 the Deep Dwarf Necromancer began the quest for the Orb.
     0 | D:1      | Reached XP level 1. HP: 15/15 MP: 3/3
    65 | D:2      | Reached XP level 2. HP: 8/22 MP: 0/5
   339 | D:2      | Reached skill level 5 in Necromancy
   339 | D:2      | Reached XP level 3. HP: 9/28 MP: 2/6
   412 | D:2      | Learned a level 3 spell: Vampiric Draining
   478 | D:2      | Noticed Terence
   490 | D:2      | Killed Terence
   490 | D:2      | Reached XP level 4. HP: 19/36 MP: 0/7
   788 | D:4      | Found an ancient bone altar of Kikubaaqudgha.
   793 | D:4      | Noticed an ogre
   794 | D:4      | Reached skill level 6 in Necromancy
  1224 | D:4      | Noticed an ogre
  1225 | D:4      | Noticed baljet's ghost (novice MfIE)
  1267 | D:4      | Reached XP level 5. HP: 11/42 MP: 8/8
  1425 | D:4      | HP: 1/42 [quokka (2)]
  1427 | D:4      | Reached skill level 7 in Necromancy
  1429 | D:4      | Demolished by an ogre

Skill      XL: |  1  2  3  4  5 |
---------------+----------------+-----
Spellcasting   | 2 |  2.9
Necromancy     | 5 6 7 |  7.1
Dodging        | |  2.1
Stealth        | |  2.4

Action                   |  1- 3 |  4- 6 || total
-------------------------+-------+-------++-------
Melee: Unarmed           |    12 |       ||    12
       Whip              |       |    32 ||    32
       Dagger            |       |     1 ||     1
 Cast: Pain              |    32 |    14 ||    46
       Vampiric Draining |     1 |    14 ||    15
  Use: Scroll            |       |     1 ||     1
 Stab: Sleeping          |     1 |       ||     1
  Eat: Chunk             |       |     3 ||     3
Armor: Robe              |     5 |       ||     5
       Ring mail         |       |    47 ||    47
Dodge: Dodged            |    14 |   112 ||   126
